 Dungeon Crawl Stone Soup version 0.19.1-1-g22dce08 (webtiles) character file.

74287 Lennu the Martial Artist (level 15, -1/75 HPs)
             Began as a Vine Stalker Transmuter on Jan 5, 2017.
             Was a High Priest of Uskayaw.
             Killed by divine providence
             ... invoked by a smoke demon
             ... summoned by an orc sorcerer
              (12 damage)
             ... on level 2 of the Orcish Mines.
             The game lasted 02:53:42 (21502 turns).

Lennu the Martial Artist (Vine Stalker Transmuter) Turns: 21502, Time: 02:53:43

Health: -1/75      AC: 20    Str: 14      XL:     15   Next: 46%
Magic:  0/37       EV: 12    Int:  9 (13) God:    Uskayaw [*****.]
Gold:   843        SH: 12    Dex: 20      Spells: 2 memorised, 24 levels left

rFire  . . .     SeeInvis .       - Unarmed
rCold  + . .     Gourm    .     E - +4 scale mail {rN+}
rNeg   + . .     Faith    .     m - +2 shield
rPois  +         Spirit   +     (no helmet)
rElec  +         Reflect  .     k - +2 cloak
rCorr  .         Harm     .     i - +0 pair of gloves
MR     ++...                    e - +2 pair of boots {Fly}
Stlth  +++.......               s - amulet of regeneration
                                g - ring "Yqiy" {rElec rC+ MP+9 Stlth-}
                                D - ring of poison resistance

@: appendage (expiring), flying, very slightly contaminated, invisible
A: fangs 3, horns 2, magic resistance 1, regeneration 2, magic shield, antimagic
bite, no device heal 3, rot immunity
a: End Transformation, Stomp, Line Pass, Grand Finale, Renounce Religion, Stop
Flying


You were on level 2 of the Orcish Mines.
You worshipped Uskayaw.
Uskayaw was noncommittal.
You were hungry.
You had grown temporary horns.
You visited 4 branches of the dungeon, and saw 23 of its levels.

You collected 2257 gold pieces.
You spent 1414 gold pieces at shops.

Inventory:

Missiles
 a - 134 arrows
Armour
 e - a +2 pair of boots of flying (worn)
 i - a +0 pair of gloves (worn)
 k - a +2 cloak (worn)
 m - a +2 shield (worn)
 w - a +3 ring mail of fire resistance
 B - a +2 robe of cold resistance
 E - a +4 scale mail of positive energy (worn)
 T - a +3 leather armour of magic resistance
Jewellery
 g - the ring "Yqiy" (right hand) {rElec rC+ MP+9 Stlth-}
   (You found it on level 7 of the Dungeon)

   [ring of loudness]

   It protects you from cold.
   It insulates you from electricity.
   It affects your magic capacity (+9).
   It makes you less stealthy.
 h - an uncursed ring of see invisible
 n - a +5 ring of strength
 s - an amulet of regeneration (around neck)
 D - a ring of poison resistance (left hand)
 Z - an uncursed ring of resist corrosion
Wands
 b - a wand of disintegration (10/24)
 j - a wand of lightning (10/15)
 v - a wand of flame (32/48)
 x - a wand of polymorph (24/24)
 O - a wand of lightning (4/15)
 U - a wand of iceblast (6/15)
 V - a wand of confusion (29/48)
 W - a wand of polymorph (13/24)
Scrolls
 f - 5 scrolls of teleportation
 l - a scroll of silence
 q - 3 scrolls of identify
 y - 4 scrolls of amnesia
 C - 4 scrolls of magic mapping
 H - a scroll of blinking
 K - a scroll of recharging
 L - 2 scrolls of fear
 M - 9 scrolls of remove curse
 N - a scroll of enchant armour
Potions
 p - a potion of cancellation
 r - 4 potions of curing
 u - a potion of haste
 z - 3 potions of resistance
 F - 2 potions of degeneration {unknown}
 S - 3 potions of brilliance
 X - 2 potions of might
Books
 c - a book of Changes

   Spells                             Type                      Level
   a - Beastly Appendage              Transmutation                1
   b - Sticks to Snakes               Transmutation                2
   c - Spider Form                    Transmutation/Poison         3
   d - Ice Form                       Ice/Transmutation            4
   e - Blade Hands                    Transmutation                5
Comestibles
 d - 13 bread rations
 o - 8 fruits
 t - 9 meat rations
 A - 2 royal jellies
 Y - a slice of pizza


   Skills:
 * Level 7.5 Fighting
 * Level 7.9 Armour
 * Level 7.0 Dodging
 * Level 11.5 Stealth
 * Level 5.2 Shields
 * Level 14.8 Unarmed Combat
 * Level 8.1 Spellcasting
 * Level 8.7 Transmutations
 * Level 7.8 Invocations


You had 24 spell levels left.
You knew the following spells:

 Your Spells              Type           Power        Failure   Level  Hunger
a - Beastly Appendage     Tmut           ###...       8%          1    None
b - Blade Hands           Tmut           ###.......   99%         5    ######.


Dungeon Overview and Level Annotations

Branches:
Dungeon (14/15)            Temple (1/1) D:5            Lair (6/6) D:10
 Shoals (0/4) Lair:2       Spider (0/4) Lair:3        Slime (0/5) Lair:5
    Orc (2/2) D:12            Elf (0/3) Orc:2        Vaults (0/5) D:13

Altars:
Ashenzari
Cheibriados
Dithmenos
Elyvilon
Fedhas
Gozag
Hepliaklqana
Kikubaaqudgha
Makhleb
Nemelex Xobeh
Okawaru
Qazlal
Ru
Sif Muna
Trog
Uskayaw
Vehumet
Xom
Yredelemnul
Zin
The Shining One
Jiyva

Shops:
D:12 *   Orc:1 *=

Portals:
Trove: D:13 (give +4 storm dragon scales)

Annotations:
D:11 exclusions: oklob plant and oklob sapling
D:14 Sonja


Innate Abilities, Weirdness & Mutations

You have razor-sharp teeth.
You heal very quickly.
When hurt, damage is shared between your health and your magic reserves.
Your bite disrupts and absorbs the magic of your enemies.
Potions and wands cannot restore your health.
You are immune to rotting.
You have a pair of horns on your head.
You are resistant to hostile enchantments. (MR+)


Message History

The orc sorcerer is no longer sharing its pain.
The smoke demon gestures at you. Beogh smites you!
The orc sorcerer points at you and mumbles some strange words.
The bolt of fire hits you!
* * * LOW HITPOINT WARNING * * *
You hear a shout!
You fade into invisibility!
The chaos spawn is no longer sharing its pain.
The orc sorcerer is no longer sharing its pain.
The orc knight is no longer sharing its pain.
The smoke demon gestures at you. The ball of steam misses you.
The orc sorcerer gestures wildly while chanting.
You are very lightly contaminated with residual magic.
The smoke demon is no longer sharing its pain.
The orc high priest is no longer sharing its pain.
The smoke demon gestures at you. Something smites you!
You die...

............# $
..#....#.#
#..........##
........).
............. #####
...#...#))
.............
##..3###.#.......
..#$.........
##.oo...##........
$###.......
##.o))4÷).###......
.###......$.
#..oo##..÷..#......
......#......##4§3##
....##.....
.............#§§@.#
o...##.... ......
...§§...## ÷÷. #....
...... $.......# ..
##... ......
........# . ##...
....... ........###
#.... ........
........#.# #....
...................##
##....
#...................#
#.....
#..#..............[.#
#.#...


You could see 2 orc knights, an orc high priest, an orange demon, 2 smoke
demons, a chaos spawn and 2 orc sorcerers.

Vanquished Creatures
  Rupert (Lair:5)
  The ghost of SexyTroll44 the Destroyer, a journeyman DgCj (Lair:4)
  A dire elephant (Lair:6)
  The ghost of cada the Blocker, a journeyman FoFi of Okawaru (Orc:1)
  3 vault guards
  Fannar (Orc:1)
  6 hydras
  A catoblepas (Lair:6)
  8 death yaks
  A deep troll shaman (Lair:6)
  A queen ant (Lair:2)
  A tengu warrior (D:12)
  3 orc high priests
  A lindwurm (Lair:5)
  2 wizards (D:13)
  4 hill giants
  4 orc knights
  3 orc sorcerers
  3 ugly things
  An orb spider (Lair:3)
  2 cyclopes
  11 elephants
  A torpor snail (Lair:5)
  2 black mambas
  Psyche (D:10)
  2 gargoyles
  11 spiny frogs
  2 centaur skeletons
  2 rime drakes
  9 komodo dragons
  2 hornets (D:11)
  9 trolls
  9 blink frogs
  3 two-headed ogres
  A polar bear (Lair:6)
  7 hippogriffs
  A spriggan (D:9)
  Sigmund (D:5)
  A wyvern (Lair:2)
  46 yaks
  21 humans (D:13)
  3 basilisks
  2 hungry ghosts
  Menkaure (D:4)
  22 soldier ants
  6 wargs
  9 water moccasins
  7 porcupines
  20 orc warriors
  A sky beast (D:12)
  4 phantoms
  A necrophage (D:7)
  An eye of draining (D:13)
  3 ice beasts
  2 black bears
  13 ogres
  19 wolves
  The ghost of Queen the Ruffian, an amateur DrTm (D:3)
  2 centaurs
  18 crocodiles
  A big kobold (D:12)
  A wyvern zombie (D:13)
  16 bullfrogs
  3 scorpions
  A wyvern skeleton (D:9)
  3 troll zombies (D:12)
  5 killer bees
  9 wights
  2 howler monkeys (D:8)
  2 crimson imps
  A bullfrog zombie (D:9)
  3 jellies
  16 orc priests
  3 hounds
  17 orc wizards
  2 bullfrog skeletons
  29 worker ants
  3 iguanas
  5 ogre zombies (D:12)
  A hound zombie (D:6)
  2 worker ant zombies
  6 gnolls
  26 adders
  2 howler monkey skeletons
  4 shadow imps
  An adder skeleton (D:10)
  An adder zombie (D:6)
  4 worms
  4 dart slugs
  A leopard gecko (D:3)
  97 orcs
  6 giant cockroaches
  3 hobgoblins (D:5)
  5 jackals
  18 kobolds
  6 quokkas
  8 ball pythons
  11 bats
  3 frilled lizards
  7 goblins
  A goblin skeleton (D:12)
  2 goblin zombies (D:12)
  8 hobgoblin zombies (D:12)
  A jackal skeleton (D:7)
  A leopard gecko skeleton (D:4)
  A leopard gecko zombie (D:5)
  4 orc skeletons (D:12)
  10 orc zombies (D:12)
  10 rats
  A plant (D:11)
703 creatures vanquished.

Vanquished Creatures (others)
  An orc wizard (Orc:1)
  An orc (Orc:1)
  A bush (D:11)
  4 fungi
  11 plants
18 creatures vanquished.

Grand Total: 721 creatures vanquished

Notes
Turn   | Place    | Note
-------+----------+-------------------------------------------
     0 | D:1      | Lennu the Vine Stalker Transmuter began the quest for the Orb.
     0 | D:1      | Reached XP level 1. HP: 9/9 MP: 4/4
   285 | D:1      | Reached XP level 2. HP: 8/14 MP: 4/6
  1410 | D:2      | Found a faded altar of an unknown god.
  1422 | D:2      | Reached XP level 3. HP: 13/17 MP: 4/7
  1618 | D:2      | Reached skill level 1 in Stealth
  1768 | D:2      | Reached skill level 1 in Fighting
  1768 | D:2      | Gained mutation: Your natural rate of healing is unusually fast. [Vine Stalker growth]
  1768 | D:2      | Reached XP level 4. HP: 22/22 MP: 5/8
  2663 | D:3      | Found a stormy altar of Qazlal.
  2818 | D:3      | Noticed Queen's ghost (amateur DrTm)
  2846 | D:3      | Killed Queen's ghost
  2846 | D:3      | Reached skill level 4 in Unarmed Combat
  2846 | D:3      | Reached XP level 5. HP: 14/25 MP: 5/10
  3378 | D:3      | Reached XP level 6. HP: 27/30 MP: 7/11
  3398 | D:3      | Found a bloodstained altar of Trog.
  3398 | D:3      | Found an iron altar of Okawaru.
  3415 | D:3      | Found a sparkling altar of Nemelex Xobeh.
  4148 | D:4      | Reached skill level 5 in Unarmed Combat
  4233 | D:4      | Noticed Menkaure
  4246 | D:4      | Killed Menkaure
  4246 | D:4      | Reached skill level 1 in Armour
  4246 | D:4      | Reached XP level 7. HP: 24/35 MP: 13/13
  4807 | D:4      | Gained mutation: You are agile. (Dex +2) [potion of mutation]
  4807 | D:4      | Gained mutation: You have a pair of small horns on your head. [potion of mutation]
  4807 | D:4      | Gained mutation: You are partially covered in rugged brown scales. (AC +1, +3% HP) [potion of mutation]
  4823 | D:5      | Entered Level 5 of the Dungeon
  4831 | D:5      | Found a staircase to the Ecumenical Temple.
  4841 | Temple   | Entered the Ecumenical Temple
  4905 | Temple   | Became a worshipper of Uskayaw the Reveler
  4978 | D:5      | Reached * piety under Uskayaw
  4988 | D:5      | Reached ** piety under Uskayaw
  4994 | D:5      | Reached skill level 6 in Unarmed Combat
  5212 | D:5      | Found a white marble altar of Elyvilon.
  5228 | D:5      | Noticed Sigmund
  5246 | D:5      | Reached *** piety under Uskayaw
  5247 | D:5      | Killed Sigmund
  5247 | D:5      | Reached skill level 1 in Invocations
  5247 | D:5      | Gained mutation: You have razor-sharp teeth. [Vine Stalker growth]
  5247 | D:5      | Reached XP level 8. HP: 39/40 MP: 14/14
  5764 | D:6      | Reached **** piety under Uskayaw
  5877 | D:6      | Reached skill level 7 in Unarmed Combat
  6563 | D:7      | Reached XP level 9. HP: 38/45 MP: 12/16
  6815 | D:7      | Lost mutation: You have a pair of small horns on your head. [potion of cure mutation]
  6815 | D:7      | Lost mutation: You are partially covered in rugged brown scales. (AC +1, +3% HP) [potion of cure mutation]
  6928 | D:7      | Reached skill level 8 in Unarmed Combat
  6943 | D:7      | Got a wavering pewter ring
  6944 | D:7      | Identified the ring "Yqiy" {rElec rC+ MP+9 Stlth-} (You found it on level 7 of the Dungeon)
  6964 | D:7      | Found a sparkling altar of Nemelex Xobeh.
  7616 | D:8      | Found a glowing golden altar of the Shining One.
  7682 | D:8      | Noticed a two-headed ogre
  7696 | D:7      | Killed a two-headed ogre
  7795 | D:8      | Reached skill level 9 in Unarmed Combat
  7799 | D:8      | Reached ***** piety under Uskayaw
  7913 | D:8      | Found a hazy altar of Hepliaklqana.
  7913 | D:8      | Found a sacrificial altar of Ru.
  7914 | D:8      | Found a glowing silver altar of Zin.
  8109 | D:9      | Reached XP level 10. HP: 41/49 MP: 18/18
  8120 | D:9      | Reached skill level 5 in Transmutations
  8123 | D:9      | Reached skill level 5 in Stealth
  8857 | D:10     | Entered Level 10 of the Dungeon
  8875 | D:10     | Reached skill level 10 in Unarmed Combat
  8981 | D:10     | Found a staircase to the Lair.
  9050 | D:10     | Reached skill level 5 in Spellcasting
  9222 | D:10     | Noticed Psyche
  9238 | D:10     | Killed Psyche
  9498 | D:10     | Learned a level 5 spell: Blade Hands
  9675 | D:11     | Noticed a cyclops
  9677 | D:11     | Noticed a hill giant
  9709 | D:10     | Killed a hill giant
  9709 | D:10     | Reached XP level 11. HP: 18/54 MP: 16/19
  9756 | D:11     | Killed a cyclops
 10023 | D:11     | Noticed a hill giant
 10032 | D:11     | Killed a hill giant
 10091 | D:11     | Reached skill level 11 in Unarmed Combat
 10161 | D:11     | Identified the Handbook of Nature
 10200 | D:11     | Paralysed by a hornet for 1 turns
 10206 | D:11     | Reached skill level 5 in Armour
 10373 | D:11     | Noticed a green ugly thing
 10399 | D:11     | Killed a green ugly thing
 10399 | D:11     | Reached skill level 5 in Fighting
 10433 | D:11     | Gained mutation: Your muscles are strong. (Str +2) [mutagenic meat]
 10434 | D:11     | Gained mutation: You are resistant to hostile enchantments. (MR+) [mutagenic meat]
 10941 | D:11     | Noticed an oklob plant
 10958 | D:12     | Noticed a hill giant
 10966 | D:12     | Killed a hill giant
 11350 | D:12     | Noticed a seven-headed hydra
 11361 | D:12     | Killed a seven-headed hydra
 11361 | D:12     | Reached skill level 5 in Invocations
 11361 | D:12     | Gained mutation: You heal very quickly. [Vine Stalker growth]
 11361 | D:12     | Reached XP level 12. HP: 17/60 MP: 10/21
 11536 | D:12     | Found Sapyatt's Assorted Antiques.
 11546 | D:12     | Bought a glowing scale mail for 320 gold pieces
 11546 | D:12     | Bought a shiny scale mail for 320 gold pieces
 11756 | D:12     | Reached ****** piety under Uskayaw
 12027 | D:12     | Reached skill level 5 in Dodging
 12028 | D:12     | Found a staircase to the Orcish Mines.
 12237 | D:12     | Lost mutation: You are agile. (Dex +2) [mutagenic meat]
 12238 | D:12     | Gained mutation: You are clumsy. (Dex -2) [mutagenic meat]
 12380 | D:13     | Reached skill level 12 in Unarmed Combat
 12499 | D:13     | Found a gate to the Vaults.
 12499 | D:13     | Noticed a vault guard
 12499 | D:13     | Noticed a vault guard
 12499 | D:13     | Noticed a vault guard
 12537 | D:12     | Noticed a tengu warrior
 12541 | D:12     | Killed a vault guard
 12546 | D:12     | Killed a tengu warrior
 12595 | D:13     | Killed a vault guard
 12641 | D:13     | Killed a vault guard
 13012 | D:13     | Reached skill level 1 in Shields
 13012 | D:13     | Reached XP level 13. HP: 32/65 MP: 18/23
 13017 | D:13     | Lost mutation: You are clumsy. (Dex -2) [mutagenic meat]
 13018 | D:13     | Lost mutation: Your muscles are strong. (Str +2) [mutagenic meat]
 13431 | D:13     | Found a portal to a secret trove of treasure.
 13740 | D:14     | Noticed Sonja
 13881 | Lair:1   | Entered Level 1 of the Lair of Beasts
 14303 | Lair:1   | Found a hazy altar of Hepliaklqana.
 14807 | Lair:1   | Reached skill level 13 in Unarmed Combat
 15648 | Lair:2   | Found a staircase to the Shoals.
 15775 | Lair:2   | Reached skill level 10 in Stealth
 16660 | Lair:3   | Found a hole to the Spider Nest.
 16817 | Lair:4   | Noticed SexyTroll44's ghost (journeyman DgCj)
 16842 | Lair:4   | Killed SexyTroll44's ghost
 16950 | Lair:4   | Reached XP level 14. HP: 70/70 MP: 25/25
 17978 | Lair:5   | Found a viscous altar of Jiyva.
 17978 | Lair:5   | Found a staircase to the Slime Pits.
 18051 | Lair:5   | Noticed Rupert
 18132 | Lair:5   | Killed Rupert
 18132 | Lair:5   | Reached skill level 14 in Unarmed Combat
 18621 | Lair:6   | Entered Level 6 of the Lair of Beasts
 19258 | Lair:6   | Reached XP level 15. HP: 65/75 MP: 27/27
 20017 | Orc:1    | Entered Level 1 of the Orcish Mines
 20021 | Orc:1    | Noticed Fannar
 20139 | Orc:1    | Killed Fannar
 20245 | Orc:1    | Reached skill level 5 in Shields
 20417 | Orc:1    | Found Zipimne's Assorted Antiques.
 20417 | Orc:1    | Found Xiwugigg's Jewellery Shoppe.
 20457 | Orc:1    | Noticed cada's ghost (journeyman FoFi)
 20513 | Orc:1    | Killed cada's ghost
 20544 | Orc:1    | Bought an uncursed ring of resist corrosion for 280 gold pieces
 20547 | Orc:1    | Bought a smoky puce potion for 22 gold pieces
 20547 | Orc:1    | Bought a scroll of identify for 50 gold pieces
 20547 | Orc:1    | Bought a scroll of identify for 50 gold pieces
 20547 | Orc:1    | Bought a potion of haste for 250 gold pieces
 20547 | Orc:1    | Bought a smoky puce potion for 22 gold pieces
 20547 | Orc:1    | Bought a potion of might for 100 gold pieces
 21031 | Orc:2    | Entered Level 2 of the Orcish Mines
 21204 | Orc:2    | Noticed an orc warlord
 21432 | Orc:2    | Found a staircase to the Elven Halls.
 21502 | Orc:2    | Killed from afar by a smoke demon

Skill      XL: |  1  2  3  4  5  6  7  8  9 10 11 12 13 14 15 |
---------------+----------------------------------------------+-----
Stealth        | 1 3 4 5 7 9 10 11 | 11.5
Fighting       | 1 2 3 4 5 6 7 |  7.5
Dodging        | 2 3 4 5 6 7 |  7.0
Unarmed Combat | 4 5 6 7 9 10 11 12 13 14 | 14.8
Spellcasting   | 3 4 5 6 7 8 |  8.1
Transmutations | 3 4 5 6 7 8 |  8.7
Armour         | 1 2 3 4 5 6 7 |  7.9
Invocations    | 1 2 3 4 5 6 7 |  7.8
Shields        | 1 2 4 5 |  5.2

Action                   |  1- 3 |  4- 6 |  7- 9 | 10-12 | 13-15 || total
-------------------------+-------+-------+-------+-------+-------++-------
Melee: Unarmed           |    93 |   226 |   420 |   701 |  1295 ||  2735
       Bite              |    18 |    54 |   130 |   258 |   529 ||   989
       Headbutt          |    11 |    27 |    65 |   147 |   309 ||   559
       Punch             |     1 |     4 |    17 |    42 |       ||    64
 Cast: Beastly Appendage |    15 |    23 |    11 |    55 |   101 ||   205
       Blade Hands       |       |       |       |       |     2 ||     2
Invok: Stomp             |       |       |     8 |    14 |    22 ||    44
       Line Pass         |       |       |     4 |     4 |     7 ||    15
       Grand Finale      |       |       |       |       |     2 ||     2
  Use: Potion            |       |       |     9 |     2 |     5 ||    16
       Scroll            |       |       |    12 |     7 |    11 ||    30
 Stab: Sleeping          |     1 |     2 |     5 |     3 |    10 ||    21
       Confused          |       |       |     2 |     1 |       ||     3
       Paralysed         |       |       |     8 |    38 |    62 ||   108
       Invisible         |       |       |     1 |       |       ||     1
       Distracted        |       |       |       |     3 |       ||     3
  Eat: Pizza             |     1 |       |     1 |       |     3 ||     5
       Chunk             |     1 |     9 |    13 |    24 |    24 ||    71
       Royal jelly       |       |       |     1 |       |       ||     1
       Beef jerky        |       |       |     1 |       |     3 ||     4
       Meat ration       |       |       |       |       |     1 ||     1
Armor: Robe              |    40 |    10 |       |       |       ||    50
       Ring mail         |       |    87 |   140 |   155 |       ||   382
       Scale mail        |       |       |       |   144 |   494 ||   638
Dodge: Dodged            |    57 |    94 |   200 |   462 |   476 ||  1289
Block: Shield            |       |       |       |    22 |   696 ||   718
